 Dungeon Crawl Stone Soup version 0.27-a0-412-g8dd771eca2 (webtiles) character file.

Game seed: 12862278417719137354

2954 Murumi the Thrower (level 9, -9/77 (89) HPs)
             Began as an Ogre Gladiator on Feb 24, 2021.
             Was a Follower of Okawaru.
             Mangled by a wight
             ... wielding a +3 flail
              (13 damage)
             ... on level 7 of the Dungeon.
             The game lasted 00:33:51 (6677 turns).

Murumi the Thrower (Ogre Gladiator)                 Turns: 6677, Time: 00:33:52

HP:   -9/77 (89)    AC:  5    Str: 20    XL:     9   Next: 81%
MP:   8/10          EV: 12    Int: 12    God:    Okawaru [*.....]
Gold: 384           SH:  0    Dex: 10    Spells: 8/8 levels left

rFire    . . .     SeeInvis .   v - +1 whip (freeze)
rCold    . . .     Faith    .   (no shield)
rNeg     . . .     Spirit   .   b - +0 robe
rPois    .         Reflect  .   c - +1 hat
rElec    .         Harm     .   o - +0 cloak
rCorr    +         Rampage  .   (gloves unavailable)
Will     .....                  (boots unavailable)
Stlth    ++++......             f - amulet of regeneration
HPRegen  1.22/turn              l - ring of resist corrosion
MPRegen  0.12/turn              w - ring of wizardry

@: heroism, heavily drained
A: large, unfitting armour, tough skin 1
a: Renounce Religion, Heroism


You were on level 7 of the Dungeon.
You worshipped Okawaru.
Okawaru was aware of your devotion.
You visited 2 branches of the dungeon, and saw 8 of its levels.

You collected 384 gold pieces.

Inventory:

Hand Weapons
 i - a +2 vorpal flail
 s - a +0 morningstar
 v - a +1 whip of freezing (weapon)
Missiles
 d - a throwing net
 e - 201 stones (quivered)
 m - 12 boomerangs
 p - 13 poisoned darts
Armour
 b - a +0 robe (worn)
 c - a +1 hat (worn)
 o - a +0 cloak (worn)
Jewellery
 f - an amulet of regeneration (around neck)
 l - a ring of resist corrosion (left hand)
 w - a ring of wizardry (right hand)
Wands
 a - a wand of digging (3)
 x - a wand of polymorph (17)
 B - a wand of acid (8)
Scrolls
 j - a scroll of teleportation
 n - a scroll of fear
 y - a scroll of enchant armour
Potions
 g - 3 potions of flight
 h - a potion of mutation
 k - 2 potions of haste
 r - 4 potions of lignification
 u - a potion of magic
 z - 2 potions of curing
 A - a potion of brilliance


   Skills:
 + Level 6.2(11.2) Fighting
 - Level 7.0(12.0) Maces & Flails
 - Level 8.0(13.0) Throwing
 - Level 1.0(6.0) Armour
 - Level 3.0(8.0) Dodging
 - Level 5.0(10.0) Stealth
 - Level 2.0 Invocations
 - Level 1.0 Evocations


You had 8 spell levels left.
You didn't know any spells.
Your spell library contained the following spells:

 Spells                   Type           Power        Failure   Level
 Corona                   Hex            0%           13%         1
 Slow                     Hex            0%           21%         2
 Inner Flame              Hex/Fire       0%           36%         3
 Portal Projectile        Hex/Tloc       0%           36%         3
 Cause Fear               Hex            0%           75%         4
 Leda's Liquefaction      Hex/Erth       0%           75%         4


Dungeon Overview and Level Annotations

Branches:
Dungeon (7/15)             Temple (1/1) D:6

Altars:
Ashenzari
Cheibriados
Dithmenos
Elyvilon
Fedhas
Gozag
Hepliaklqana
Kikubaaqudgha
Makhleb
Nemelex Xobeh
Okawaru
Qazlal
Ru
Sif Muna
Trog
Uskayaw
Vehumet
Wu Jian
Xom
Yredelemnul
Zin
The Shining One

Shops:
D:4 *

Annotations:
D:7 Dowan, Maggie, Menkaure


Innate Abilities, Weirdness & Mutations

You are too large for most types of armour.
You have tough skin. (AC +1)


Message History

You feel drained. The wight hits you with a +3 flail.
You hit the wight.
The wight is moderately damaged.
The wight closely misses you.
You hit the wight but do no damage.
The wight is moderately damaged.
The wight hits you with a +3 flail!
You hit the wight.
The wight is moderately damaged.
The wight closely misses you.
You barely miss the wight.
The wight is moderately damaged.
The wight hits you with a +3 flail!
* * * LOW HITPOINT WARNING * * *
The wight hits you from afar with a +0 trident!
* * * LOW HITPOINT WARNING * * *
You feel drained.
* * * LOW HITPOINT WARNING * * *
You feel much better. The wight hits you but does no damage.
The wight misses you.
You gain the combat prowess of a mighty hero.
The wight hits you with a +3 flail.
You feel drained. The wight closely misses you.
You closely miss the wight.
The wight is moderately damaged.
You barely miss the wight.
The wight is moderately damaged.
The wight hits you from afar with a +0 trident!
You feel drained. The wight hits you with a +3 flail!
* * * LOW HITPOINT WARNING * * *
You hit the wight.
The wight is severely damaged.
You hit the wight.
The wight is almost destroyed.
You hit the wight but do no damage.
The wight is almost destroyed.
The wight hits you from afar with a +0 trident!
* * * LOW HITPOINT WARNING * * *
The wight hits you with a +3 flail!
You die... #. .###### Y. ......# .Y## #.....# ll..

#.....# #..
#.....# #..
#.....# #..
#@# #.. #z#
###
#####z######
#....(.....#
#..........#
#..........#
######'#####
#..# ##.#


You could see 2 wights.

Vanquished Creatures
  Pikel (D:6)
  Sigmund (D:3)
  An orc warrior (D:7)
  A sky beast (D:5)
  An ice beast (D:6)
  An ogre (D:6)
  7 centaurs
  A bullfrog (D:6)
  A scorpion (D:5)
  6 wights
  2 howler monkeys
  2 jellies
  An orc priest (D:5)
  A bullfrog skeleton (D:7)
  A gnoll shaman (D:7)
  3 hounds (D:4)
  Crazy Yiuf (D:2)
  An iguana (D:6)
  8 orc wizards
  5 worker ants
  3 hound skeletons
  A howler monkey zombie (D:6)
  Robin (D:2)
  7 gnolls
  8 adders
  A white imp (D:7)
  2 ufetubi (D:6)
  2 oozes
  3 worms
  A dart slug (D:2)
  4 leopard geckos
  22 orcs
  4 ball pythons
  4 bats
  4 giant cockroaches
  15 hobgoblins
  3 jackals (D:2)
  3 quokkas
  5 frilled lizards
  11 goblins
  A jackal skeleton (D:4)
  11 kobolds
  6 rats
168 creatures vanquished.

Vanquished Creatures (others)
  A fungus (D:2)
1 creature vanquished.

Grand Total: 169 creatures vanquished

Notes
Turn   | Place    | Note
-------+----------+-------------------------------------------
     0 | D:1      | Murumi the Ogre Gladiator began the quest for the Orb.
     0 | D:1      | Reached XP level 1. HP: 22/22 MP: 1/1
   290 | D:1      | Reached XP level 2. HP: 31/31 MP: 2/2
  1028 | D:2      | Noticed Robin
  1034 | D:1      | Reached skill level 1 in Stealth
  1042 | D:1      | HP: 1/31 [goblin/+0 dagger[Robin] (1)]
  1043 | D:1      | Reached XP level 3. HP: 2/37 MP: 3/3
  1306 | D:2      | Reached XP level 4. HP: 39/45 MP: 4/4
  1329 | D:2      | Killed Robin
  1673 | D:2      | Reached skill level 3 in Throwing
  1803 | D:2      | Found a glowing golden altar of the Shining One.
  1913 | D:2      | Found a bloodstained altar of Trog.
  1913 | D:2      | Found a shimmering blue altar of Sif Muna.
  1913 | D:2      | Found a snail-covered altar of Cheibriados.
  1913 | D:2      | Found an ancient bone altar of Kikubaaqudgha.
  1925 | D:2      | Found a stormy altar of Qazlal.
  1938 | D:2      | Found a sparkling altar of Nemelex Xobeh.
  2084 | D:2      | Found a runed translucent door.
  2085 | D:2      | Noticed Crazy Yiuf
  2097 | D:2      | Killed Crazy Yiuf
  2098 | D:2      | Reached XP level 5. HP: 51/53 MP: 5/5
  2308 | D:3      | Found an opulent altar of Gozag.
  2590 | D:3      | Found a hazy altar of Hepliaklqana.
  2657 | D:3      | Noticed Sigmund
  2658 | D:3      | Reached skill level 4 in Throwing
  2696 | D:3      | Killed Sigmund
  2697 | D:3      | Reached XP level 6. HP: 56/61 MP: 6/6
  2850 | D:3      | Found a basalt altar of Yredelemnul.
  3514 | D:4      | Reached skill level 1 in Armour
  3514 | D:4      | Reached XP level 7. HP: 54/70 MP: 7/7
  3640 | D:4      | Found Ycawnusa's General Store.
  3840 | D:4      | Reached skill level 5 in Throwing
  3955 | D:4      | Found a blossoming altar of Fedhas.
  4111 | D:5      | Entered Level 5 of the Dungeon
  4506 | D:5      | Reached XP level 8. HP: 77/78 MP: 8/8
  4685 | D:5      | Reached skill level 5 in Maces & Flails
  4762 | D:5      | Reached skill level 1 in Evocations
  5081 | D:6      | Reached skill level 6 in Throwing
  5181 | D:5      | Reached skill level 5 in Fighting
  5441 | D:6      | Reached skill level 7 in Throwing
  5630 | D:6      | Noticed Pikel
  5650 | D:6      | Killed Pikel
  5651 | D:6      | Reached skill level 5 in Stealth
  5651 | D:6      | Reached XP level 9. HP: 50/89 MP: 9/9
  5706 | D:6      | Found a staircase to the Ecumenical Temple.
  5712 | Temple   | Entered the Ecumenical Temple
  5772 | Temple   | Became a worshipper of Warmaster Okawaru
  5812 | D:6      | Reached skill level 1 in Invocations
  6236 | D:6      | Reached skill level 8 in Throwing
  6444 | D:7      | Reached * piety under Okawaru
  6596 | D:7      | Noticed Menkaure
  6599 | D:7      | Noticed Dowan
  6600 | D:7      | Noticed Maggie
  6677 | D:7      | Mangled by a wight

Illustrated notes

Levels and vault maps discovered:
D:1:      dpeg_arrival_long_road, layout_basic, serial_aquarium,
          aquarium_bridge_straight [aquarium_subvault_bridge,
          aquarium_subvault_window, aquarium_subvault_bridge,
          aquarium_subvault_balcony], aquarium_window_fake, aquarium_window_1,
          aquarium_view_2e, aquarium_view_2c
D:2:      layout_loops_cross, minmay_overflow_temple_hex,
          lemuel_coloured_pillars_altar, minmay_fractal_squares_5, uniq_robin,
          uniq_crazy_yiuf_cottage
D:3:      layout_basic, lemuel_doored_altar, nicolae_overflow_crystal_walls,
          nicolae_gozag_seed_capital, uniq_sigmund
D:4:      layout_loops_ring, fedhas_altar_3, serial_shops, shop_statue
D:5:      layout_basic
D:6:      layout_rooms, minmay_temple_entry_waves, minmay_alternating_orb,
          uniq_pikel
D:7:      layout_basic, uniq_duvessa, uniq_joseph, uniq_maggie, uniq_menkaure
Temple:   nicolae_temple_x_marks_the_god

Skill      XL: |  1  2  3  4  5  6  7  8  9 |
---------------+----------------------------+-----
Fighting       | 3 4 5 6 |  6.2
Maces & Flails | 3 4 6 7 |  7.0
Dodging        | 3 |  3.0
Stealth        | 1 2 3 4 5 |  5.0
Throwing       | 3 4 5 7 8 |  8.0
Armour         | 1 |  1.0
Evocations     | 1 |  1.0
Invocations    | 2 |  2.0

Action                   |  1- 3 |  4- 6 |  7- 9 || total
-------------------------+-------+-------+-------++-------
Melee: Flail             |    77 |   126 |       ||   203
       Whip              |       |    93 |   388 ||   481
       Mace              |       |       |   178 ||   178
       Punch             |       |       |     2 ||     2
Throw: Stone             |    66 |    72 |    62 ||   200
       Throwing net      |       |     3 |       ||     3
       Boomerang         |       |       |     8 ||     8
       Dart              |       |       |    14 ||    14
Invok: Heroism           |       |       |     2 ||     2
  Use: Scroll            |     3 |     6 |     6 ||    15
       Potion            |     1 |     6 |     1 ||     8
 Stab: Sleeping          |     1 |     2 |     8 ||    11
       Held in net/web   |       |     1 |       ||     1
Armor: Robe              |    28 |    44 |   118 ||   190
       Skin              |       |     9 |       ||     9
Dodge: Dodged            |    50 |    83 |   182 ||   315

Table legend: (Time is in decaauts)
 A = Elapsed time spent in this place.
 B = Non-inter-level travel time spent in this place.
 C = Inter-level travel time spent in this place.
 D = Time resting spent in this place.
 E = Time spent auto-exploring this place.
 F = Levels seen in this place.
 G = Mean time per level.
                   A        B        C        D        E       F      G
               +--------+--------+--------+--------+--------+-----+--------+
         Total |   6675 |   6083 |    592 |    118 |   4389 |   8 |  834.4 |
       Dungeon |   6610 |   6032 |    578 |    118 |   4339 |   7 |  944.3 |
        Temple |     64 |     51 |     13 |      0 |     50 |   1 |   64.0 |
               +--------+--------+--------+--------+--------+-----+--------+

Top non-repeatable levels by time:
     D:1: 1127 daAuts
     D:6: 1116 daAuts
     D:2: 1103 daAuts
     D:3: 1017 daAuts
     D:4: 1005 daAuts
     D:5: 1002 daAuts
     D:7: 237 daAuts
  Temple: 64 daAuts
